AoeStats
← lamlam32

Arabia

510909245Analyzed
1v1 RM · 6h ago on Oct 3, 2026· 34m 42s· 2 players
Game mode
Random Map
Map size
Tiny (2 player)
Population
200
Speed
Normal
Resources
Standard
Victory
Conquest
Starting age
Dark Age
Ending age
Imperial Age
RankedLock teamsTeams togetherTeam positionsShared explorationLock speedFull tech treeHidden civsTurbo modeCheats
Victory
Defeat
🇭🇰 Magyars · Hong Kong SAR China
1403
+14
🇺🇸 Maya · United States
1363
-14
Astroglide
0:26 Loom
9:33 Feudal Age
11:46 Double-Bit Axe
14:49 Horse Collar
15:07 Fletching
16:34 Scale Mail Armor
21:48 Castle Age
20:17 Arson
20:39 Padded Archer Armor
22:02 Crossbowman
22:39 Bodkin Arrow
23:50 Bow Saw
32:28 Ballistics
lamlam32
5:45 Loom
8:51 Feudal Age
9:23 Double-Bit Axe
20:25 Castle Age
19:16 Bloodlines
20:08 Gold Mining
19:59 Horse Collar
20:54 Scale Barding Armor
27:31 Bow Saw
28:42 Husbandry
32:31 Stone Mining
Connection lost

Rejoining the realm…

Still unreachable

The connection could not be restored.

Session expired

The server has moved on; the page needs a fresh start.